 Dungeon Crawl Stone Soup version 0.14-a0-1097-gc7db7fc (webtiles) character file.

1031 MackTheKnife the Basher (level 7, -4/56 HPs)
             Began as a Grey Draconian Gladiator on Nov 28, 2013.
             Slain by Duvessa
             ... wielding a +5,+1 elven short sword of protection
              (9 damage)
             ... on Level 5 of the Dungeon.
             The game lasted 00:09:04 (5398 turns).

MackTheKnife the Basher (Grey Draconian Gladiator)  Turns: 5398, Time: 00:09:04

HP  -4/56        AC 12     Str 17      XL: 7   Next: 65%
MP   6/6         EV 13     Int 13      God:
Gold 198         SH  0     Dex 13      Spells:  0 memorised,  6 levels left

rFire  . . .     SeeInvis .     g - +2,+1 orc morningstar
rCold  + . .     Clarity  .     (armour unavailable)
rNeg   . . .     Conserve .     (no shield)
rPois  .         rCorr    .     c - +0 cap
rElec  .         rRot     .     i - +0 cloak
SustAb . .       Spirit   .     (no gloves)
rMut   .         Warding  .     (no boots)
Saprov . . .     Stasis   .     (no amulet)
                                p - ring of protection from cold
                                n - +4 ring of intelligence

@: slightly resistant to hostile enchantments, unstealthy
A: walk through water, unfitting armour, unbreathing, AC +11
a: no special abilities


You were on level 5 of the Dungeon.
You were hungry.

You visited 1 branch of the dungeon, and saw 5 of its levels.

You collected 198 gold pieces.


Innate Abilities, Weirdness & Mutations

You can walk through water.
Your dull iron-grey scales are very hard (AC +11).
Your body does not fit into most forms of armour.
Your cold-blooded metabolism reacts poorly to cold.
You can survive without breathing.


   Skills:
 - Level 2.1 Fighting
 + Level 9.2 Maces & Flails
 - Level 1.7 Throwing
 - Level 2.6 Dodging


You had 6 spell levels left.
You didn't know any spells.

Inventory:

Hand weapons
 g - a +2,+1 orcish morningstar (weapon)
 w - a +2,+2 whip of venom
Missiles
 d - 2 throwing nets (quivered)
 s - a throwing net [torn]
 x - a throwing net [torn]
Armour
 c - a +0 cap (worn)
 i - a +0 cloak (worn)
Comestibles
 a - 3 meat rations
 f - 2 bread rations
 k - a choko
 l - an apple
 r - a cheese
 B - 13 grapes
 D - 2 rotting chunks of ogre flesh {@*1}
Scrolls
 j - 3 scrolls of remove curse
 t - 2 scrolls of teleportation
 A - 3 scrolls of identify
 E - 3 scrolls of amnesia {unknown}
Jewellery
 n - a +4 ring of intelligence (left hand)
 p - a ring of protection from cold (right hand)
 y - an uncursed ring of positive energy
Potions
 b - a potion of cure mutation {unknown}
 e - a potion of degeneration {unknown}
 h - a potion of berserk rage {unknown}
 m - a potion of poison {unknown}
 o - a potion of brilliance {unknown}
 q - a potion of confusion {unknown}
 u - a potion of speed {unknown}
 v - a potion of might {unknown}
 z - 2 potions of lignification {unknown}
 C - 2 potions of curing {unknown}

··▒·······▒▒▒········
···▒··················
····▒··················
························
£·······················
························
············e············
········)▒▒··············
···▒▒▒·%d▒▒······▒▒·▒▒▒▒'
▒··e▒▒▒▒▒···▒▒·▒ ▒· ▒···▒
▒···▒▒·▒ ▒· ▒···▒
▒···▒▒·▒ ▒· ▒···▒
▒▒▒▒▒▒·▒ ▒· ▒▒▒▒▒ ▒·▒ ▒·
▒▒▒▒▒·▒ ▒· ▒·····▒ ▒▒
▒·▒▒▒▒▒


You could see Duvessa (berserk).


Message History

You hit Duvessa.
Duvessa is severely wounded.
Duvessa closely misses you. Dowan hits you but does no damage.
You miss Dowan.
Dowan is heavily wounded.
Duvessa barely misses you. Dowan misses you.
You hit Dowan but do no damage.
Dowan is heavily wounded.
Duvessa barely misses you. Dowan hits you but does no damage.
You puncture Dowan! You tail-slap Dowan.
You kill Dowan!
Duvessa screams in rage.
Duvessa goes berserk!
Duvessa hits you with a glowing elven short sword!
* * * LOW HITPOINT WARNING * * *
Duvessa closely misses you.
You hit Duvessa.
Duvessa is severely wounded.
Duvessa hits you with a glowing elven short sword.
* * * LOW HITPOINT WARNING * * *
You puncture Duvessa!
Duvessa is severely wounded.
Duvessa hits you with a glowing elven short sword!
* * * LOW HITPOINT WARNING * * *
Duvessa hits you with a glowing elven short sword!
* * * LOW HITPOINT WARNING * * *
You hit Duvessa.
Duvessa is almost dead.
Duvessa hits you with a glowing elven short sword!
You die...

Action                   |  1- 3 |  4- 6 |  7- 9 || total
-------------------------+-------+-------+-------++-------
Melee: Mace              |   127 |    34 |       ||   161
       Whip              |       |    87 |       ||    87
       Morningstar       |       |    78 |   119 ||   197
Throw: Throwing net      |       |     3 |     1 ||     4
  Use: Scroll            |     1 |     8 |       ||     9
 Stab: Sleeping          |       |       |     1 ||     1

Vault maps used:
D:1:      dpeg_entry_solitude
D:2:      minmay_bisected
D:3:      first_bread, uniq_jessica, uniq_grinder
D:4:      uniq_iyjb
D:5:      minmay_temple_entry_glass, patterned_corridor, uniq_edmund,
          uniq_menkaure, uniq_eustachio, uniq_duvessa, uniq_pikel

Notes
Turn   | Place    | Note
--------------------------------------------------------------
     0 | D:1      | MackTheKnife, the Draconian Gladiator, began the quest for the Orb.
     0 | D:1      | Reached XP level 1. HP: 18/18 MP: 0/0
   429 | D:2      | Reached XP level 2. HP: 25/25 MP: 1/1
   605 | D:2      | Reached skill level 4 in Maces & Flails
   727 | D:2      | Reached XP level 3. HP: 16/30 MP: 2/2
  1667 | D:2      | Reached XP level 4. HP: 13/38 MP: 3/3
  2094 | D:2      | Reached skill level 5 in Maces & Flails
  2153 | D:3      | Noticed Grinder
  2161 | D:3      | Paralysed by Grinder for 3 turns
  2514 | D:3      | Noticed Jessica
  2527 | D:3      | Killed Jessica
  2815 | D:3      | Noticed an ogre
  2832 | D:3      | Killed an ogre
  2832 | D:3      | Reached skill level 6 in Maces & Flails
  2832 | D:3      | Reached XP level 5. HP: 35/44 MP: 4/4
  3334 | D:4      | Reached XP level 6. HP: 27/50 MP: 5/5
  3548 | D:4      | Reached skill level 7 in Maces & Flails
  3665 | D:4      | Noticed Ijyb
  3680 | D:4      | Killed Ijyb
  4045 | D:4      | Paralysed by a giant eyeball for 3 turns
  4345 | D:4      | Reached skill level 8 in Maces & Flails
  4345 | D:4      | Your scales start taking on a dull iron-grey colour.
  4345 | D:4      | Gained mutation: You can survive without breathing. [draconian maturity]
  4345 | D:4      | Reached XP level 7. HP: 34/56 MP: 6/6
  4819 | D:5      | Entered Level 5 of the Dungeon
  5004 | D:5      | Reached skill level 9 in Maces & Flails
  5346 | D:5      | Noticed Dowan
  5384 | D:5      | Noticed Duvessa
  5395 | D:5      | Killed Dowan
  5397 | D:5      | HP: 5/56 [Duvessa/glowing elven short sword (7)]
  5398 | D:5      | Slain by Duvessa

Vanquished Creatures
  2 ogres
  A crimson imp (D:5)
  Dowan (D:5)
  A hound (D:4)
  An iguana (D:4)
  3 orc priests (D:4)
  6 orc wizards
  2 worker ants (D:4)
  Ijyb (D:4)
  Jessica (D:3)
  A hound skeleton (D:4)
  4 gnolls (D:4)
  5 adders
  A giant mite (D:4)
  5 worms
  An iguana skeleton (D:5)
  A giant eyeball (D:4)
  An ooze (D:3)
  14 orcs
  6 bats
  4 giant cockroaches
  8 goblins
  9 hobgoblins
  2 jackals (D:3)
  9 kobolds
  4 quokkas
  A ball python (D:2)
  4 giant geckos
  7 giant newts
  An orc skeleton (D:4)
  9 rats
  A rat skeleton (D:4)
117 creatures vanquished.
